AoeStats
← Caspernikov

Golden Pit

510174122Analyzed
1v1 RM · 3d ago on Sep 29, 2026· 27m 31s· 2 players
Game mode
Random Map
Map size
Tiny (2 player)
Population
200
Speed
Normal
Resources
Standard
Victory
Conquest
Starting age
Dark Age
Ending age
Imperial Age
RankedLock teamsTeams togetherTeam positionsShared explorationLock speedFull tech treeHidden civsTurbo modeCheats
Victory
Defeat
🇬🇧 Teutons · United Kingdom
551
+14
🇳🇱 Magyars · Netherlands
509
-14
Caspernikov
13:25 Feudal Age
13:51 Double-Bit Axe
13:48 Horse Collar
14:03 Loom
19:06 Man-at-Arms
24:10 Wheelbarrow
24:09 Gold Mining
Bopoleon Nanaparte
7:39 Loom
11:03 Feudal Age
14:15 Wheelbarrow
16:23 Horse Collar
16:31 Double-Bit Axe
17:41 Man-at-Arms
18:33 Forging
18:24 Scale Mail Armor
20:07 Arson
21:20 Wheelbarrow
26:18 Castle Age
Connection lost

Rejoining the realm…

Still unreachable

The connection could not be restored.

Session expired

The server has moved on; the page needs a fresh start.